 Dungeon Crawl Stone Soup version 0.18-a0-1649-g8d9735b (webtiles) character file.

1658201 ShittyPlayer the Ruinous (level 27, 204/204 HPs)
             Began as a Demonspawn Wanderer on Mar 28, 2016.
             Was the Champion of Vehumet.
             Escaped with the Orb
             ... and 3 runes on Mar 29, 2016!
             The game lasted 07:50:31 (77039 turns).

ShittyPlayer the Ruinous (Demonspawn Wanderer)     Turns: 77039, Time: 07:50:32

Health: 204/204    AC: 32    Str: 22    XL:     27
Magic:  64/64      EV:  8    Int: 32    God:    Vehumet [******]
Gold:   2371       SH:  5    Dex: 14    Spells: 10 memorised, 22 levels left

rFire  + . .     SeeInvis +     c - staff of energy
rCold  + + +     Gourm    .     q - +5 chain mail of Deciaby {MP+9 Int+6}
rNeg   . . .     Faith    .     E - +0 buckler of Daedeud {rPois rF+ rC+ Int-2}
rPois  +         Spirit   +     h - +1 helmet {SInv}
rElec  .         Dismiss  .     O - +2 cloak {MR+}
rCorr  .         Reflect  .     (gloves unavailable)
SustAt .         Harm     .     H - +1 pair of boots "Qerghoina" {Str+2 Int+3}
MR     +++..                    M - amulet of magic regeneration
Stlth  ..........               k - ring of ice
                                N - ring "Taydgher" {rC+ MP+9 Str+5 Int+4}

@: repel missiles, extremely resistant to hostile enchantments, extremely
unstealthy
A: claws 3, molten scales 3, powered by pain 3, weak 1, augmentation 3, magic
shield, magic regeneration, magic link
a: Renounce Religion
0: Orb of Zot
}: 3/15 runes: barnacled, silver, gossamer


You escaped.
You worshipped Vehumet.
Vehumet was exalted by your worship.
You were very full.

You visited 10 branches of the dungeon, and saw 52 of its levels.
You also visited: Labyrinth.

You collected 5658 gold pieces.
You spent 3287 gold pieces at shops.

Inventory:

Hand Weapons
 d - the +10 hand axe "Bacathro" {flame, rC+ rN+ Dex+3}
   (You found it on level 5 of the Vaults)

   It has been specially enchanted to burn those struck by it, causing extra
   injury to most foes and up to half again as much damage against particularly
   susceptible opponents.
   Big, fiery blades are also staple armaments of hydra-hunters.
   It affects your dexterity (+3).
   It protects you from cold.
   It protects you from negative energy.
Missiles
 w - 128 arrows
Armour
 h - a +1 helmet of see invisible (worn)
 q - the +5 chain mail of Deciaby (worn) {MP+9 Int+6}
   (You acquired it on level 5 of the Lair of Beasts)

   It affects your intelligence (+6).
   It affects your magic capacity (+9).
 E - the +0 buckler of Daedeud (worn) {rPois rF+ rC+ Int-2}
   (You bought it in a shop on level 1 of the Shoals)

   It affects your intelligence (-2).
   It protects you from fire.
   It protects you from cold.
   It protects you from poison.
 H - the +1 pair of boots "Qerghoina" (worn) {Str+2 Int+3}
   (You found it on level 3 of the Depths)

   It affects your strength (+2).
   It affects your intelligence (+3).
 O - a +2 cloak of magic resistance (worn)
Magical Staves
 c - an uncursed staff of energy (weapon)
 G - an uncursed staff of cold
Jewellery
 a - an uncursed ring of wizardry
 k - a ring of ice (right claw)
 p - an uncursed ring of poison resistance
 r - an uncursed ring of resist corrosion
 M - an amulet of magic regeneration (around neck)
 N - the ring "Taydgher" (left claw) {rC+ MP+9 Str+5 Int+4}
   (You bought it in a shop on level 2 of the Orcish Mines)

   [ring of magical power]

   It affects your strength (+5).
   It affects your intelligence (+4).
   It protects you from cold.
   It affects your magic capacity (+9).
 U - an uncursed ring of protection from fire
Wands
 z - a wand of heal wounds (7/9)
 I - a wand of digging (7/24)
 V - a wand of teleportation (3/9)
 Z - a wand of teleportation (4/9)
Scrolls
 b - a scroll of magic mapping
 e - 8 scrolls of teleportation
 i - 8 scrolls of identify
 l - 8 scrolls of fog
 y - a scroll of enchant weapon
 B - a scroll of fear
 C - 15 scrolls of remove curse
 F - 2 scrolls of summoning
 L - 3 scrolls of silence
 S - 2 scrolls of recharging
 W - 4 scrolls of amnesia
 Y - 6 scrolls of enchant armour
Potions
 g - 5 potions of curing
 u - 5 potions of might
 v - 3 potions of ambrosia
 D - 2 potions of cure mutation
 K - 2 potions of brilliance
 Q - 7 potions of flight
Books
 T - an Akashic Record

   Spells                             Type                      Level
   a - Dispersal                      Translocation                6
   b - Malign Gateway                 Summoning/Translocation      7
   c - Disjunction                    Translocation                8
   d - Controlled Blink               Translocation                8
Comestibles
 f - 3 beef jerkies
 j - 8 meat rations
 m - 6 fruits
 o - 17 slices of pizza
 x - 17 royal jellies


   Skills:
 - Level 14.0 Fighting
 + Level 17.8 Armour
 - Level 1.0 Stealth
 - Level 4.0 Shields
 + Level 19.6 Spellcasting
 - Level 26.1 Conjurations
 - Level 1.1 Necromancy
 + Level 24.8 Ice Magic
 - Level 4.3 Air Magic


You had 22 spell levels left.
You knew the following spells:

 Your Spells              Type           Power        Failure   Level  Hunger
a - Magic Dart            Conj           ####         0%          1    None
b - Throw Icicle          Conj/Ice       ########     0%          4    None
c - Glaciate              Conj/Ice       #########.   7%          9    None
d - Blink                 Tloc           N/A          10%         2    None
e - Ozocubu's Armour      Chrm/Ice       ########     1%          3    None
f - Freezing Cloud        Conj/Ice/Air   #########.   1%          6    None
g - Ozocubu's Refrigerat  Ice            #########.   1%          6    None
h - Repel Missiles        Chrm/Air       ######       2%          2    None
i - Regeneration          Chrm/Necr      ######....   14%         3    None
w - Orb of Destruction    Conj           #########.   1%          7    None


Dungeon Overview and Level Annotations

Branches:
Dungeon (15/15)            Temple (1/1) D:4            Lair (8/8) D:11
 Shoals (4/4) Lair:5       Spider (4/4) Lair:4        Slime (0/6) Lair:7
    Orc (2/2) D:10            Elf (3/3) Orc:2        Vaults (5/5) D:14
  Crypt (0/3) Vaults:3     Depths (5/5) D:15            Zot (5/5) Depths:5

Altars:
Ashenzari
Cheibriados
Dithmenos
Elyvilon
Fedhas
Gozag
Makhleb
Nemelex Xobeh
Okawaru
Pakellas
Qazlal
Ru
Sif Muna
Trog
Vehumet
Xom
Yredelemnul
Zin
The Shining One
Beogh
Jiyva
Lugonu

Shops:
D:14 }   Orc:2 =?=[   Elf:1 !   Elf:3 (:(   Shoals:1 ([[   Vaults:2 !!?*}
Vaults:3 :   Vaults:4 }   Vaults:5 [}   Depths:4 }

Portals:
Hell: Depths:1 Depths:2 Depths:3 Depths:4 Depths:5
Abyss: Depths:4 Depths:5
Pandemonium: Depths:1 Depths:3
Ziggurat: Depths:5
Trove: Vaults:4 (show abyssal rune of Zot)

Annotations:
Lair:7 1 runed door
Elf:2 3 runed doors
Depths:4 exclusion: obsidian statue
Zot:4 exclusion: lightning spire


Innate Abilities, Weirdness & Mutations

You have claws for hands.
You are completely covered in molten scales (AC +4, EV -1, rF+).
You are powered by pain.
Your magical and physical power is greatly enhanced at high health.
When hurt, damage is shared between your health and your magic reserves.
You regenerate magic rapidly.
When low on magic, you restore magic in place of health.
You are weak. (Str -2)


Message History

Aim: a ynoxinul You feel a surge of power!
You conjure a mighty blast of ice!
The great icy blast engulfs the ynoxinul.
The ynoxinul partially resists.
The ynoxinul is frozen into a solid block of ice!
You kill the ynoxinul!
Vehumet accepts your kill.
You feel your power returning.
There is an open door here.
Evoke which item? (* to show all) (? for menu, Esc to quit)
Zapping:
I - a wand of digging (8/24)
Press: ? - help, Shift-Dir - straight line The rock shatters into small pieces.
This wand has 7 charges left.
A bat comes into view.
The bat hits you but does no damage. The bat closely misses you.
The bat hits you but does no damage. x2
There is a staircase leading out of the dungeon here.
The bat hits you but does no damage.
You have escaped!

#...#...'...'.⌠.#)..###
#...#...#...#...#....##
##'###########'##.....#
#...#...#...#...#.....'
#...#...'...#...#.....#
#...#...#§§.#...#....##
##'###'.##§###§##...###
#...#...#§§.#§§.#..##
#.⌠.+.@b#§§.#§§.#'##
#...#...#§§.#§§.#.#
##'####.##8###8##.#
#...#...#§§.#...#.#####
#...'...'...'.⌠.'......
#...#...#...#...#......
#################......
#.#.... ###.###


You could see a bat.

Vanquished Creatures
  A pandemonium lord (Zot:5)
  11 ancient liches
  5 orbs of fire (Zot:5)
  Mara (Vaults:3)
  2 greater mummies (Depths:2)
  Frederick (Vaults:5)
  3 Killer Klowns (Zot:5)
  2 curse toes (Zot:5)
  7 golden dragons
  Nikola (Depths:1)
  Jory (Depths:3)
  Arachne (Spider:3)
  the Enchantress (Depths:4)
  A profane servitor (D:10)
  A bone dragon (Vaults:3)
  3 electric golems (Zot:5)
  Jorgrun (Spider:2)
  8 tentacled monstrosities
  Rupert (Spider:1)
  24 Orb Guardians
  A quicksilver dragon (Vaults:5)
  10 liches
  8 titans
  Asterion (Vaults:3)
  4 deep elf master archers (Elf:3)
  2 deep elf blademasters (Elf:3)
  A sphinx (shapeshifter) (Vaults:5)
  Polyphemus (Shoals:3)
  8 death cobs
  A kraken (Shoals:4)
  5 sphinxes
  A storm dragon (shapeshifter) (Vaults:5)
  4 tengu reavers
  3 shadow dragons
  9 storm dragons
  2 azure jellies (Vaults:3)
  Wiglaf (Depths:1)
  Donald (Elf:1)
  Ilsuiw (Shoals:4)
  An iron dragon (Vaults:5)
  Maud (D:12)
  18 vault wardens
  10 fire giants
  2 draconian knights (Zot:5)
  11 deep elf sorcerers
  13 frost giants
  A draconian scorcher (Zot:5)
  Aizul (Elf:1)
  8 ghost moths
  3 orc warlords (Orc:2)
  2 curse skulls
  4 draconian zealots
  4 draconian shifters (Zot:5)
  5 spriggan defenders
  10 emperor scorpions
  A draconian annihilator (Zot:5)
  The ghost of 4thArraOfDagon the Bludgeoner, a journeyman OgHu of the Shining One (Orc:1)
  3 deep elf elementalists (Elf:3)
  17 ironheart preservers
  A war gargoyle (Vaults:5)
  32 stone giants
  23 very ugly things
  Nessos (D:15)
  4 green draconians
  5 vampire knights (Depths:3)
  A draconian caller (Depths:5)
  4 salamander stormcallers
  9 deep elf annihilators
  7 yellow draconians
  4 purple draconians
  3 deep elf demonologists
  5 black draconians
  4 white draconians
  5 mottled draconians
  8 spark wasps
  A lorocyproca (Depths:3)
  11 merfolk javelineers
  The ghost of George the Cleaver, a journeyman MiFi of Makhleb (D:14)
  2 mummy priests (Depths:2)
  13 ettins
  8 deep elf death magi
  2 jiangshi (Depths:2)
  17 fire dragons
  A minotaur (Lab)
  12 merfolk impalers
  32 vault guards
  6 deep elf high priests
  19 ogre magi
  2 rakshasas (Depths:4)
  18 yaktaur captains
  9 entropy weavers
  Fannar (Lair:3)
  9 great orbs of eyes
  11 ice dragons
  Harold (Lair:1)
  11 hydras
  5 spriggan air magi
  2 alligator snapping turtles
  8 merfolk avatars
  12 centaur warriors
  2 catoblepae
  8 merfolk aquamancers
  25 dancing weapons
  2 death knights
  2 spectral humans (Vaults:3)
  3 satyrs
  15 deep troll shamans
  19 death yaks
  8 deep troll earth magi
  4 orc high priests (Orc:2)
  7 tengu warriors
  4 vampire magi
  8 spriggan berserkers
  2 soul eaters (D:10)
  14 deep elf knights
  4 hell knights
  6 skeletal warriors
  6 sun demons
  6 spriggans
  A fire crab (shapeshifter) (Vaults:1)
  5 wizards
  8 iron trolls
  A death drake (Vaults:3)
  16 sea snakes
  11 shadow wraiths
  16 ironbrand convokers
  5 giant orange brains
  A gelid demonspawn (Depths:3)
  4 unseen horrors
  8 flayed ghosts
  A quicksilver dragon simulacrum (Vaults:3)
  39 deep trolls
  A wolf spider zombie (D:15)
  7 necromancers
  6 phantasmal warriors
  15 deep elf archers
  A lindwurm (Lair:6)
  10 hill giants
  32 wolf spiders
  An orange crystal statue (Zot:4)
  18 orc knights
  23 harpies
  A mana viper (shapeshifter) (Vaults:3)
  14 orb spiders
  5 salamanders (Depths:4)
  2 wolf spiders (shapeshifter)
  68 deep elf magi
  A hornet (shapeshifter) (Vaults:3)
  6 orc sorcerers (Orc:2)
  3 oklob plants (Zot:4)
  9 cyclopes
  13 griffons
  A tengu skeleton (Vaults:1)
  57 ugly things
  11 hornets
  2 worldbinders (Vaults:3)
  16 fauns
  15 moths of wrath
  12 manticores
  A moth of wrath (shapeshifter) (Vaults:4)
  2 sixfirhies (Depths:3)
  21 elephants
  A fire giant skeleton (Vaults:1)
  20 sirens
  Maurice (D:12)
  An elephant (shapeshifter) (Vaults:5)
  3 naga magi (Vaults:3)
  9 black mambas
  A smoke demon (D:10)
  11 water nymphs
  2 torpor snails (Spider:3)
  2 ice statues (Vaults:3)
  18 vault sentinels
  2 hellions
  A spiny frog (shapeshifter) (Depths:3)
  A komodo dragon (shapeshifter) (Depths:4)
  20 spiny frogs
  3 tengu conjurers
  4 efreet
  A salamander skeleton (Vaults:4)
  2 anaconda simulacra (Vaults:3)
  5 freezing wraiths
  6 komodo dragons
  56 yaktaurs
  A rime drake (Lair:8)
  10 demonic crawlers
  A yaktaur (shapeshifter) (D:14)
  2 human skeletons
  A yaktaur skeleton (Vaults:4)
  7 harpy zombies (Shoals:2)
  4 guardian mummies (Depths:2)
  2 red devils
  4 trolls
  A spectral glowing shapeshifter (Vaults:3)
  2 entropy weaver zombies (Vaults:3)
  25 jumping spiders
  43 merfolk
  A jumping spider (shapeshifter) (Vaults:2)
  A merfolk (shapeshifter) (Vaults:5)
  A troll (shapeshifter) (D:14)
  9 polar bears
  A giant leech (shapeshifter) (Vaults:5)
  3 burning bushes (Zot:4)
  4 wind drakes
  17 blink frogs
  8 boulder beetles
  29 two-headed ogres
  A wind drake (shapeshifter) (Depths:3)
  3 raiju (Lair:8)
  7 snapping turtles
  A raiju (shapeshifter) (Vaults:2)
  A stone giant simulacrum (Vaults:1)
  A boulder beetle (shapeshifter) (Vaults:1)
  A harpy skeleton (D:14)
  43 slime creatures
  A centaur simulacrum (D:14)
  13 air elementals
  A flying skull (Vaults:3)
  8 shadows
  88 redbacks
  2 tarantellas (shapeshifter) (D:14)
  12 wraiths
  2 spriggans (shapeshifter)
  31 water elementals
  32 tarantellas
  31 yaks
  A yak (shapeshifter) (Depths:3)
  3 wyverns
  3 fire elementals
  An ettin skeleton (Vaults:1)
  3 ynoxinuls
  A human (D:7)
  A golden eye (shapeshifter) (Depths:2)
  A hog (Vaults:3)
  12 hippogriffs
  4 basilisks
  22 vampire mosquitoes
  A hog (shapeshifter) (Vaults:4)
  A chaos spawn (Depths:3)
  2 steam dragons
  3 hungry ghosts
  8 mottled dragons
  13 wargs
  An insubstantial wisp (Vaults:3)
  A soldier ant (D:15)
  A naga (Vaults:4)
  10 hell hounds
  13 water moccasins
  A deep troll skeleton (Vaults:4)
  A swamp drake (Lair:8)
  9 porcupines
  A hornet simulacrum (D:15)
  59 orc warriors
  A sky beast (D:11)
  3 ice beasts
  A fire dragon simulacrum (Vaults:3)
  14 black bears
  5 wasps
  2 black mamba simulacra (Vaults:3)
  A wolf (shapeshifter) (Vaults:1)
  An ettin simulacrum (Vaults:2)
  18 centaurs
  77 ogres
  24 wolves
  A phantom (D:8)
  24 boggarts
  14 crocodiles
  An elf skeleton (Vaults:3)
  2 elf simulacra (Vaults:3)
  2 big kobolds
  A yaktaur zombie (Vaults:1)
  Blork the orc (D:4)
  31 giant frogs
  3 earth elementals
  A gnoll sergeant (D:10)
  4 scorpions
  A small abomination (Vaults:3)
  6 killer bees (D:11)
  9 wights
  11 electric eels
  A vampire bat (Vaults:3)
  7 howler monkeys
  6 centaur zombies
  5 crimson imps
  A human simulacrum (Vaults:1)
  2 giant frog zombies
  3 centaur skeletons
  16 hounds
  27 orc priests
  An iron imp (Depths:4)
  3 jellies
  27 orc wizards
  2 giant frog skeletons (D:11)
  A gnoll shaman (D:8)
  13 iguanas
  9 worker ants
  2 lightning spires (Zot:4)
  A troll simulacrum (Vaults:3)
  41 sheep
  2 hound zombies
  A mummy (Depths:2)
  2 worker ant zombies
  9 gnolls
  A howler monkey skeleton (D:7)
  12 adders
  2 naga simulacra (Vaults:3)
  55 river rats
  2 shadow imps
  A white imp (Depths:1)
  2 oozes
  An adder zombie (D:6)
  3 adder skeletons (D:7)
  A worm (shapeshifter) (Vaults:5)
  A worm (D:2)
  3 dart slugs
  3 giant geckos
  114 orcs
  A ball python (D:3)
  7 giant cockroaches
  3 goblins
  6 hobgoblins
  13 jackals
  16 kobolds
  9 quokkas
  10 bats
  A giant cockroach zombie (D:5)
  5 giant newts
  A jackal zombie (D:7)
  2 quokka skeletons
  6 rats
  3 blocks of ice
  8 fungi
  2 macabre masses (Vaults:3)
  47 plants
  4 tentacles (Shoals:4)
2810 creatures vanquished.

Vanquished Creatures (collateral kills)
  2 killer bees (D:11)
  A fungus (Lair:4)
3 creatures vanquished.

Vanquished Creatures (others)
  A ghost moth (Zot:5)
  An ironheart preserver (Vaults:2)
  A hill giant (Vaults:1)
  A freezing wraith (D:15)
  A redback (Depths:1)
  An ogre (Vaults:1)
  2 hounds
  A gnoll (D:8)
  A rat (D:3)
  506 blocks of ice
  40 fungi
  59 plants
  4 tentacles (Shoals:4)
  123 tentacle segments (Shoals:4)
  8 toadstools (Lair:6)
750 creatures vanquished.

Grand Total: 3563 creatures vanquished

Notes
Turn   | Place    | Note
--------------------------------------------------------------
     0 | D:1      | ShittyPlayer the Demonspawn Wanderer began the quest for the Orb.
     0 | D:1      | ShittyPlayer set off with: a book of Minor Magic, a +0 shortbow, 27 arrows, the Reference Book on the Frostbite, a +0 robe, a bread ration
     0 | D:1      | Reached XP level 1. HP: 16/16 MP: 4/4
     0 | D:1      | Identified the Reference Book on the Frostbite
     2 | D:1      | Learned a level 1 spell: Magic Dart
   477 | D:1      | Gained mutation: You are partially covered in molten scales (AC +1). [demonic ancestry]
   477 | D:1      | Reached XP level 2. HP: 17/22 MP: 0/6
  1490 | D:2      | Found a snail-covered altar of Cheibriados.
  1700 | D:2      | Gained mutation: You sometimes gain a little power by taking damage. [demonic ancestry]
  1700 | D:2      | Reached XP level 3. HP: 17/27 MP: 0/8
  1828 | D:3      | Learned a level 3 spell: Mephitic Cloud
  1832 | D:3      | Learned a level 3 spell: Conjure Flame
  1835 | D:3      | Learned a level 2 spell: Blink
  2065 | D:3      | Reached skill level 1 in Conjurations
  2332 | D:3      | Reached skill level 2 in Conjurations
  2661 | D:3      | Gained mutation: When hurt, damage is shared between your health and your magic reserves. [demonic ancestry]
  2661 | D:3      | Reached XP level 4. HP: 30/33 MP: 1/10
  3195 | D:4      | Noticed Blork the orc
  3206 | D:4      | Killed Blork the orc
  3206 | D:4      | Reached skill level 3 in Conjurations
  3206 | D:4      | Gained mutation: You sometimes gain power by taking damage. [demonic ancestry]
  3206 | D:4      | Reached XP level 5. HP: 29/38 MP: 6/11
  3251 | D:4      | Reached skill level 4 in Conjurations
  3467 | D:4      | Found a staircase to the Ecumenical Temple.
  3509 | Temple   | Entered the Ecumenical Temple
  3544 | Temple   | Became a worshipper of Vehumet
  3605 | D:4      | Noticed an ogre
  3610 | D:4      | Killed an ogre
  3610 | D:4      | Reached skill level 5 in Conjurations
  3610 | D:4      | Gained mutation: You have sharp fingernails. [demonic ancestry]
  3610 | D:4      | Reached XP level 6. HP: 44/44 MP: 2/12
  3810 | D:4      | Found an opulent altar of Gozag.
  3811 | D:4      | Found a basalt altar of Yredelemnul.
  4219 | D:5      | Entered Level 5 of the Dungeon
  4331 | D:5      | Reached skill level 6 in Conjurations
  4591 | D:5      | Gained mutation: You regenerate magic rapidly. [demonic ancestry]
  4591 | D:5      | Reached XP level 7. HP: 34/50 MP: 7/13
  4603 | D:5      | Reached skill level 7 in Conjurations
  5010 | D:5      | Found a snail-covered altar of Cheibriados.
  5089 | D:5      | Found a deep blue altar of Sif Muna.
  5133 | D:5      | Identified Sif Muna's Disquisition on Battle Magic
  5292 | D:6      | Reached skill level 8 in Conjurations
  5415 | D:6      | Reached XP level 8. HP: 52/56 MP: 7/14
  5430 | D:6      | Reached skill level 9 in Conjurations
  5542 | D:6      | Reached * piety under Vehumet
  5542 | D:6      | Offered knowledge of Flame Tongue by Vehumet.
  5547 | D:6      | Learned a level 3 spell: Ozocubu's Armour
  5586 | D:6      | Found a shimmering altar of Xom.
  6051 | D:7      | Reached skill level 5 in Spellcasting
  6117 | D:7      | Gained mutation: Your body sometimes deteriorates upon taking damage. [potion of mutation]
  6117 | D:7      | Gained mutation: Your magical capacity is low (-10% MP). [potion of mutation]
  6117 | D:7      | Gained mutation: You occasionally shout uncontrollably at your foes. [potion of mutation]
  6392 | D:7      | Found a sparkling altar of Nemelex Xobeh.
  6665 | D:7      | Reached ** piety under Vehumet
  6687 | D:7      | Reached XP level 9. HP: 39/61 MP: 8/16
  6769 | D:7      | Offered knowledge of Throw Flame by Vehumet.
  7299 | D:8      | Reached skill level 5 in Ice Magic
  7307 | D:8      | Got an opalescent robe
  7318 | D:8      | Identified the +2 robe of the Volcano {rF- rN+ Str+3} (You found it on level 8 of the Dungeon)
  8018 | D:8      | Offered knowledge of Inner Flame by Vehumet.
  8062 | D:8      | Found a blossoming altar of Fedhas.
  8480 | D:8      | Found a sparkling altar of Nemelex Xobeh.
  8842 | D:10     | Entered Level 10 of the Dungeon
  8877 | D:10     | Reached *** piety under Vehumet
  9186 | D:10     | Noticed a troll
  9203 | D:10     | Killed a troll
  9203 | D:10     | Gained mutation: You are powered by pain. [demonic ancestry]
  9203 | D:10     | Reached XP level 10. HP: 67/67 MP: 6/20
  9239 | D:10     | Found a staircase to the Orcish Mines.
  9402 | D:10     | Offered knowledge of Iskenderun's Mystic Blast by Vehumet.
  9406 | D:10     | Killed an unseen horror
  9850 | D:11     | Noticed a cyclops
  9850 | D:11     | Noticed a hill giant
  9859 | D:10     | Learned a level 4 spell: Iskenderun's Mystic Blast
  9949 | D:11     | Noticed a hill giant
  9963 | D:11     | Killed a hill giant
 10389 | D:11     | Found a staircase to the Lair.
 10420 | D:11     | Reached **** piety under Vehumet
 10677 | D:11     | Killed a cyclops
 10677 | D:11     | Reached skill level 10 in Spellcasting
 10677 | D:11     | Reached XP level 11. HP: 58/72 MP: 4/22
 10852 | D:11     | Killed a hill giant
 10903 | D:11     | Offered knowledge of Static Discharge by Vehumet.
 11232 | D:11     | Noticed a hill giant
 11268 | D:11     | Killed a hill giant
 11925 | Lair:1   | Entered Level 1 of the Lair of Beasts
 11935 | Lair:1   | Got a brightly glowing robe
 11936 | Lair:1   | Identified the cursed +1 robe "Xexuf" {*Drain rN+++ MR+ Str+3} (You found it on level 1 of the Lair of Beasts)
 12145 | Lair:1   | Noticed Harold
 12240 | Lair:1   | Killed Harold
 12240 | Lair:1   | Reached skill level 10 in Ice Magic
 13110 | Lair:2   | Reached ***** piety under Vehumet
 13479 | Lair:3   | Noticed a four-headed hydra
 13494 | Lair:3   | Killed a four-headed hydra
 13494 | Lair:3   | Reached skill level 10 in Conjurations
 13694 | Lair:3   | Reached XP level 12. HP: 24/78 MP: 1/24
 14066 | Lair:3   | Noticed Fannar
 14321 | Lair:3   | Reached skill level 11 in Conjurations
 14504 | Lair:3   | Offered knowledge of Throw Icicle by Vehumet.
 15074 | Lair:3   | Learned a level 4 spell: Throw Icicle
 15097 | Lair:3   | Killed Fannar
 15097 | Lair:3   | Reached skill level 12 in Conjurations
 15329 | Lair:4   | Got an ominously black robe
 15330 | Lair:4   | Identified the +2 robe "Giqiof" {Regen+ Str+3 Dex-3} (You found it on level 4 of the Lair of Beasts)
 15409 | Lair:4   | Found a hole to the Spider Nest.
 16073 | Lair:5   | Reached skill level 13 in Conjurations
 16349 | Lair:5   | Found a staircase to the Shoals.
 16399 | Lair:5   | Offered knowledge of Bolt of Draining by Vehumet.
 16418 | Lair:5   | Identified a scroll of acquirement
 16421 | Lair:5   | Got a scorched chain mail
 16422 | Lair:5   | Identified the +5 chain mail of Deciaby {MP+9 Int+6} (You acquired it on level 5 of the Lair of Beasts)
 16786 | Lair:6   | Noticed a six-headed hydra
 16827 | Lair:6   | Lost mutation: Your body sometimes deteriorates upon taking damage. [potion of cure mutation]
 16827 | Lair:6   | Lost mutation: Your magical capacity is low (-10% MP). [potion of cure mutation]
 16827 | Lair:6   | Lost mutation: You occasionally shout uncontrollably at your foes. [potion of cure mutation]
 16883 | Lair:6   | Noticed an eight-headed hydra
 16893 | Lair:6   | Noticed a death yak
 16909 | Lair:6   | Found a labyrinth entrance.
 16919 | Lab      | Entered a labyrinth
 17393 | Lab      | Noticed a minotaur
 17401 | Lab      | Killed a minotaur
 17518 | Lair:6   | Killed a six-headed hydra
 17518 | Lair:6   | Reached skill level 14 in Conjurations
 17842 | Lair:6   | Gained mutation: When low on magic, you restore magic in place of health. [demonic ancestry]
 17842 | Lair:6   | Reached XP level 13. HP: 83/83 MP: 28/28
 18465 | Lair:6   | Reached skill level 15 in Conjurations
 18976 | Lair:7   | Found a runed door.
 18978 | Lair:7   | Found a viscous altar of Jiyva.
 18978 | Lair:7   | Noticed an acid blob
 18980 | Lair:7   | Found a staircase to the Slime Pits.
 18980 | Lair:7   | Noticed an acid blob
 19660 | Lair:7   | Reached skill level 16 in Conjurations
 20106 | Lair:7   | Offered knowledge of Conjure Ball Lightning by Vehumet.
 20594 | Lair:8   | Entered Level 8 of the Lair of Beasts
 20724 | Lair:7   | Reached XP level 14. HP: 57/90 MP: 0/29
 22438 | Lair:8   | Reached ****** piety under Vehumet
 22450 | Lair:8   | Reached skill level 17 in Conjurations
 22458 | Lair:8   | Offered knowledge of Ozocubu's Refrigeration by Vehumet.
 22576 | Lair:8   | Learned a level 6 spell: Ozocubu's Refrigeration
 22639 | Lair:8   | Learned a level 2 spell: Repel Missiles
 23245 | D:12     | Noticed Maud
 23255 | D:12     | Killed Maud
 23530 | D:12     | Noticed Maurice
 23536 | D:12     | Killed Maurice
 24295 | D:13     | Gained mutation: You are mostly covered in molten scales (AC +3, EV -1). [demonic ancestry]
 24295 | D:13     | Reached XP level 15. HP: 78/95 MP: 20/32
 24627 | D:14     | Offered knowledge of Freezing Cloud by Vehumet.
 24678 | D:14     | Learned a level 6 spell: Freezing Cloud
 24834 | D:14     | Found a gate to the Vaults.
 24913 | D:14     | Noticed George's ghost (journeyman MiFi)
 25459 | D:14     | Found a shattered altar of Ashenzari.
 25518 | D:14     | Killed George's ghost
 25894 | D:14     | Reached skill level 1 in Air Magic
 26009 | D:14     | Found Ruruusar's Gadget Emporium.
 26678 | D:15     | Entered Level 15 of the Dungeon
 26679 | D:15     | Offered knowledge of Poison Arrow by Vehumet.
 27282 | D:15     | Learned a level 6 spell: Poison Arrow
 27721 | D:15     | Noticed Nessos
 27723 | D:15     | Reached skill level 18 in Conjurations
 27729 | D:15     | Killed Nessos
 27866 | D:15     | Found a staircase to the Depths.
 28562 | Orc:1    | Entered Level 1 of the Orcish Mines
 28562 | Orc:1    | Noticed 4thArraOfDagon's ghost (journeyman OgHu)
 28590 | Orc:1    | Killed 4thArraOfDagon's ghost
 28829 | Orc:2    | Entered Level 2 of the Orcish Mines
 28830 | Orc:2    | Offered knowledge of Poisonous Cloud by Vehumet.
 29220 | Orc:2    | Noticed an orc warlord
 29226 | Orc:2    | Killed an orc warlord
 29275 | Orc:2    | Found a roughly hewn altar of Beogh.
 29277 | Orc:2    | Reached XP level 16. HP: 75/101 MP: 22/34
 29302 | Orc:2    | Found Acestril's Jewellery Emporium.
 29358 | Orc:2    | Found Nehenacits's Magic Scroll Shoppe.
 30346 | Orc:2    | Found a roughly hewn altar of Beogh.
 30448 | Orc:2    | Offered knowledge of Lehudib's Crystal Spear by Vehumet.
 30448 | Orc:2    | Offered knowledge of Glaciate by Vehumet.
 30448 | Orc:2    | Offered knowledge of Chain Lightning by Vehumet.
 30450 | Orc:2    | Found Unlaix's Antique Armour Shoppe.
 30470 | Orc:2    | Bought a glowing cloak for 162 gold pieces
 30591 | Orc:2    | Found Culyive's Jewellery Emporium.
 30664 | Orc:2    | Bought the ring "Taydgher" {rC+ MP+9 Str+5 Int+4} for 846 gold pieces
 30944 | Orc:2    | Found a staircase to the Elven Halls.
 31302 | Elf:1    | Entered Level 1 of the Elven Halls
 31358 | Elf:1    | Noticed Donald
 31756 | Elf:1    | Killed Donald
 32851 | Elf:1    | Got a bloodstained dagger
 32852 | Elf:1    | Identified the +10 dagger of the Abyss {flame, rN+ Str+4 Int-3} (You found it on level 1 of the Elven Halls)
 32873 | Elf:1    | Found Opuirr's Distillery.
 32881 | Elf:1    | Bought a potion of beneficial mutation for 560 gold pieces
 32881 | Elf:1    | Gained mutation: Your system is resistant to poisons. [potion of beneficial mutation]
 32945 | Elf:1    | Noticed Aizul
 32954 | Elf:1    | Killed Aizul
 33322 | Elf:1    | HP: 5/101 [something/shard of ice (14)]
 33799 | Elf:1    | Reached skill level 19 in Conjurations
 34123 | Elf:1    | Found a radiant altar of Vehumet.
 34150 | Elf:1    | Reached skill level 15 in Spellcasting
 34525 | Elf:1    | Identified the Compendium of Scorching Arcane Weapons
 34534 | Elf:1    | Learned a level 7 spell: Orb of Destruction
 34547 | Elf:1    | Gained mutation: You have very sharp fingernails. [demonic ancestry]
 34547 | Elf:1    | Reached XP level 17. HP: 106/106 MP: 36/36
 35436 | Elf:2    | Upgraded the game from 0.18-a0-1643-gb89d9db to 0.18-a0-1649-g8d9735b
 36011 | Elf:2    | Found a huge runed gate.
 36011 | Elf:2    | Found a huge runed gate.
 36013 | Elf:2    | Found a huge runed gate.
 36208 | Elf:3    | Entered Level 3 of the Elven Halls
 36671 | Elf:3    | Found Kyosifulau's One-of-a-Kind Books.
 36753 | Elf:3    | Found Xytilate's Antique Weapon Shoppe.
 37124 | Elf:3    | Found Ewourilu's Weapon Emporium.
 37462 | Elf:3    | Noticed a deep elf master archer
 37462 | Elf:3    | Noticed a deep elf master archer
 37474 | Elf:3    | Killed a deep elf master archer
 37511 | Elf:3    | Killed a deep elf master archer
 37511 | Elf:3    | Reached skill level 15 in Ice Magic
 37714 | Elf:3    | Noticed a deep elf master archer
 37717 | Elf:3    | Killed a deep elf master archer
 38827 | Elf:3    | Got a warped hand axe {freeze}
 38828 | Elf:3    | Identified the +5 hand axe "Veerghuty" {freeze, Int+5} (You took it off a deep elf death mage on level 3 of the Elven Halls)
 38876 | Elf:3    | Noticed a deep elf blademaster
 38876 | Elf:3    | Noticed a deep elf blademaster
 38877 | Elf:3    | Noticed a deep elf master archer
 38882 | Elf:3    | Killed a deep elf blademaster
 38884 | Elf:3    | Killed a deep elf master archer
 38885 | Elf:3    | Killed a deep elf blademaster
 39343 | Elf:3    | Gained mutation: You have claws for hands. [demonic ancestry]
 39343 | Elf:3    | Reached XP level 18. HP: 108/112 MP: 38/38
 39485 | Elf:3    | Identified a +5 rod of ignition (12/12) (You found it on level 3 of the Elven Halls)
 39893 | Orc:2    | Bought an uncursed ring of wizardry for 480 gold pieces
 40107 | Spider:1 | Entered Level 1 of the Spider Nest
 40166 | Spider:1 | Reached skill level 20 in Conjurations
 40958 | Spider:1 | Noticed Rupert
 40972 | Spider:1 | Killed Rupert
 42179 | Spider:2 | Noticed Jorgrun
 42184 | Spider:2 | Killed Jorgrun
 43241 | Spider:3 | Got a shimmering golden ring
 43242 | Spider:3 | Identified the ring of Fiseniqy {SustAt rN+} (You found it on level 3 of the Spider Nest)
 43695 | Spider:4 | Entered Level 4 of the Spider Nest
 44078 | Spider:4 | Noticed Arachne
 46451 | Shoals:1 | Entered Level 1 of the Shoals
 46520 | Shoals:1 | Reached skill level 21 in Conjurations
 46602 | Shoals:1 | Identified the Grimoire of Stolen Souls
 46988 | Shoals:1 | Found Uxtigedo's Antique Armour Shoppe.
 46992 | Shoals:1 | Reached XP level 19. HP: 117/117 MP: 37/39
 47074 | Shoals:1 | Bought a translucent buckler for 342 gold pieces
 47084 | Shoals:1 | Identified the +0 buckler of Daedeud {rPois rF+ rC+ Int-2} (You bought it in a shop on level 1 of the Shoals)
 47137 | Shoals:1 | Learned a level 9 spell: Glaciate
 47142 | Shoals:1 | Found Dixkoeh's Antique Armour Boutique.
 47158 | Shoals:1 | Bought a pair of runed boots for 121 gold pieces
 47280 | Shoals:1 | Found Qutod's Weapon Boutique.
 47957 | Shoals:2 | Gained mutation: You are dopey. (Int -2) [potion of mutation]
 47957 | Shoals:2 | Gained mutation: Your muscles are strong. (Str +2) [potion of mutation]
 47957 | Shoals:2 | Gained mutation: Potions and wands are less effective at restoring your health. [potion of mutation]
 47958 | Shoals:2 | Lost mutation: You are dopey. (Int -2) [potion of cure mutation]
 47958 | Shoals:2 | Lost mutation: Your system is resistant to poisons. [potion of cure mutation]
 47958 | Shoals:2 | Lost mutation: Your muscles are strong. (Str +2) [potion of cure mutation]
 47958 | Shoals:2 | Lost mutation: Potions and wands are less effective at restoring your health. [potion of cure mutation]
 50171 | Shoals:3 | Noticed Polyphemus
 50176 | Shoals:3 | Killed Polyphemus
 50531 | Shoals:4 | Entered Level 4 of the Shoals
 50539 | Shoals:4 | Noticed Ilsuiw
 50546 | Shoals:4 | Killed Ilsuiw
 50749 | Shoals:4 | Learned a level 3 spell: Regeneration
 50915 | Shoals:4 | Reached skill level 22 in Conjurations
 51565 | Shoals:4 | Reached XP level 20. HP: 68/123 MP: 16/40
 51761 | Shoals:4 | Got a barnacled rune of Zot
 52410 | Shoals:4 | Got a twisted robe
 52421 | Shoals:4 | Identified the +1 robe of Voriub {*Drain rF+ Int+4 Dex+3} (You found it on level 4 of the Shoals)
 52757 | Vaults:1 | Entered Level 1 of the Vaults
 55457 | Vaults:2 | Reached skill level 23 in Conjurations
 55639 | Vaults:2 | Found Tatyd's Distillery.
 55659 | Vaults:2 | Bought a potion of curing for 45 gold pieces
 55716 | Vaults:2 | Found Zurept's Distillery.
 55885 | Vaults:2 | Bought a potion of curing for 66 gold pieces
 55885 | Vaults:2 | Bought a potion of magic for 176 gold pieces
 55885 | Vaults:2 | Bought a potion of magic for 176 gold pieces
 55918 | Vaults:2 | Found Qeogoam's Magic Scroll Shoppe.
 55930 | Vaults:2 | Bought a scroll of blinking for 165 gold pieces
 56002 | Vaults:2 | Found Duipitz's General Store.
 56014 | Vaults:2 | Reached XP level 21. HP: 61/129 MP: 3/41
 56482 | Vaults:2 | Found Giostret's Gadget Emporium.
 57216 | Vaults:2 | Got a slimy scale mail
 57217 | Vaults:2 | Identified the +4 scale mail of Protective Custody {MP+9} (You found it on level 2 of the Vaults)
 57740 | Vaults:3 | Identified the Grimoire of Evil Rituals
 57876 | Vaults:3 | Identified the Tome of Intoxication and Arcane Weapons
 57895 | Vaults:3 | Found Daukkacs's Book Shop.
 57950 | Vaults:3 | Noticed Mara
 57963 | Vaults:3 | Killed Mara
 57963 | Vaults:3 | Reached skill level 5 in Fighting
 58799 | Vaults:3 | Identified Mnoleg's Handbook of the Entourage
 58848 | Vaults:3 | Reached skill level 5 in Armour
 58989 | Vaults:3 | Identified Plog's Volume of the Glacier
 59107 | Vaults:3 | Noticed Asterion
 59110 | Vaults:3 | Killed Asterion
 59676 | Vaults:3 | Found a staircase to the Crypt.
 59866 | Vaults:3 | Identified the Collected Works on Transformation and Contamination
 59930 | Vaults:4 | Got a jewelled plate armour
 59931 | Vaults:4 | Identified the +8 plate armour of Oheni {Str+4 Dex+4 SInv} (You found it on level 4 of the Vaults)
 60262 | Vaults:4 | Reached XP level 22. HP: 101/149 MP: 18/42
 60292 | Vaults:4 | Reached skill level 24 in Conjurations
 60898 | Vaults:4 | Found a portal to a secret trove of treasure.
 61362 | Vaults:4 | Found Liheg's Gadget Boutique.
 61392 | Vaults:4 | Gained mutation: Your muscles are strong. (Str +2) [helix card]
 61394 | Vaults:4 | Drew Focus: Int increased to 19, Dex decreased to 14
 61432 | Vaults:5 | Entered Level 5 of the Vaults
 61477 | Vaults:5 | Gained mutation: Your magical and physical power is slightly enhanced at high health. [demonic ancestry]
 61477 | Vaults:5 | Reached XP level 23. HP: 40/163 MP: 24/43
 62230 | Vaults:5 | Reached skill level 10 in Fighting
 62295 | Vaults:5 | Noticed an ancient lich
 62699 | Vaults:5 | Reached skill level 10 in Armour
 62721 | Vaults:5 | Killed an ancient lich
 62766 | Vaults:5 | Noticed an ancient lich
 63082 | Vaults:5 | Killed an ancient lich
 63082 | Vaults:5 | Reached skill level 25 in Conjurations
 63510 | Vaults:5 | Got a polished hand axe
 63511 | Vaults:5 | Identified the +10 hand axe "Bacathro" {flame, rC+ rN+ Dex+3} (You found it on level 5 of the Vaults)
 63625 | Vaults:5 | Noticed an ancient lich
 63629 | Vaults:5 | Killed an ancient lich
 63629 | Vaults:5 | Gained mutation: You are completely covered in molten scales (AC +4, EV -1, rF+). [demonic ancestry]
 63629 | Vaults:5 | Reached XP level 24. HP: 176/176 MP: 29/43
 63839 | Vaults:5 | Found Baun's Gadget Boutique.
 63850 | Vaults:5 | Got a silver rune of Zot
 63872 | Vaults:5 | Found Nuobbeciole's Antique Armour Shoppe.
 63880 | Vaults:5 | Bought a glowing helmet for 148 gold pieces
 64228 | Vaults:5 | Noticed Frederick
 64232 | Vaults:5 | Killed Frederick
 64672 | Spider:3 | Killed Arachne
 65259 | Spider:4 | Got a gossamer rune of Zot
 65635 | Depths:1 | Entered Level 1 of the Depths
 65645 | Depths:1 | Noticed Nikola
 65681 | Depths:1 | Killed Nikola
 65879 | Depths:1 | Found a gateway to Hell.
 66046 | Depths:1 | Noticed Wiglaf
 66054 | Depths:1 | Killed Wiglaf
 66831 | Depths:1 | Found a one-way gate leading to the halls of Pandemonium.
 68031 | Depths:2 | Gained mutation: Your magical and physical power is enhanced at high health. [demonic ancestry]
 68031 | Depths:2 | Reached XP level 25. HP: 183/188 MP: 43/43
 68104 | Depths:2 | Noticed a greater mummy
 68127 | Depths:2 | Noticed a greater mummy
 68132 | Depths:2 | Killed a greater mummy
 68183 | Depths:2 | Killed a greater mummy
 69300 | Depths:3 | Noticed Jory
 69304 | Depths:3 | Killed Jory
 69426 | Depths:3 | Got a warped great sword
 69427 | Depths:3 | Identified the +4 great sword of Wajaraogh {flame, rC+ Int+2} (You found it on level 3 of the Depths)
 69992 | Depths:3 | Reached skill level 26 in Conjurations
 70290 | Depths:3 | Got a pair of smoking boots
 70301 | Depths:3 | Identified the +1 pair of boots "Qerghoina" {Str+2 Int+3} (You found it on level 3 of the Depths)
 70754 | Depths:4 | Noticed the Enchantress
 70755 | Depths:4 | Killed the Enchantress
 71014 | Depths:4 | Found a corrupted altar of Lugonu.
 71015 | Depths:4 | Found a one-way gate to the infinite horrors of the Abyss.
 71148 | Depths:4 | Found Oliorphuu's Gadget Boutique.
 71599 | Depths:4 | Reached XP level 26. HP: 192/198 MP: 43/43
 71773 | Depths:4 | Got a faintly glowing chain mail
 71774 | Depths:4 | Identified the cursed +1 chain mail of Baldness {rPois rF+ Str-4} (You found it on level 4 of the Depths)
 71820 | Depths:5 | Entered Level 5 of the Depths
 71995 | Depths:5 | Got a faintly humming chain mail
 71996 | Depths:5 | Identified the +8 chain mail "Jeafusk" {rC+ MP-9 Str+4} (You found it on level 5 of the Depths)
 72106 | Depths:5 | Found a gateway to a ziggurat.
 72300 | Depths:5 | Found a gate to the Realm of Zot.
 72511 | Zot:1    | Entered Level 1 of the Realm of Zot
 73174 | Zot:4    | Reached skill level 15 in Armour
 74050 | Zot:5    | Entered Level 5 of the Realm of Zot
 74171 | Zot:5    | Noticed an ancient lich
 74174 | Zot:5    | Killed an ancient lich
 74224 | Zot:5    | Noticed an ancient lich
 74227 | Zot:5    | Killed an ancient lich
 74232 | Zot:5    | Noticed an orb of fire
 74236 | Zot:5    | Gained mutation: You are clumsy. (Dex -2) [an orb of fire]
 74237 | Zot:5    | Gained mutation: Your spells are a little easier to cast, but a little less powerful. [an orb of fire]
 74238 | Zot:5    | Noticed an ancient lich
 74245 | Zot:5    | Noticed an ancient lich
 74607 | Zot:5    | Killed an ancient lich
 74644 | Zot:5    | Noticed an ancient lich
 74966 | Zot:5    | Gained mutation: Your spells are easier to cast, but less powerful. [an orb of fire]
 74967 | Zot:5    | Killed an ancient lich
 74967 | Zot:5    | Gained mutation: Your magical and physical power is greatly enhanced at high health. [demonic ancestry]
 74967 | Zot:5    | Reached XP level 27. HP: 141/204 MP: 45/45
 74967 | Zot:5    | Killed an orb of fire
 74971 | Zot:5    | Killed an ancient lich
 75150 | Zot:5    | Gained mutation: Your muscles are very strong. (Str +4) [potion of beneficial mutation]
 75268 | Zot:5    | Noticed an ancient lich
 75272 | Zot:5    | Killed an ancient lich
 75353 | Zot:5    | Noticed an ancient lich
 75358 | Zot:5    | Killed an ancient lich
 75779 | Zot:5    | Noticed an orb of fire
 75781 | Zot:5    | Killed an orb of fire
 75865 | Zot:5    | Noticed an orb of fire
 75868 | Zot:5    | Killed an orb of fire
 75925 | Zot:5    | Noticed an orb of fire
 75929 | Zot:5    | Killed an orb of fire
 76242 | Zot:5    | Got the Orb of Zot
 76264 | Zot:5    | Noticed Anaoph the pandemonium lord
 76265 | Zot:5    | Noticed an ancient lich
 76268 | Zot:5    | Killed an ancient lich
 76271 | Zot:5    | Killed Anaoph the pandemonium lord
 76284 | Zot:5    | Noticed an orb of fire
 76292 | Zot:5    | Gained mutation: Your body sometimes deteriorates upon taking damage. [mutagenic glow]
 76295 | Zot:5    | Killed an orb of fire
 76331 | Zot:5    | Lost mutation: You are clumsy. (Dex -2) [potion of cure mutation]
 76331 | Zot:5    | Lost mutation: Your spells are easier to cast, but less powerful. [potion of cure mutation]
 76331 | Zot:5    | Lost mutation: Your body sometimes deteriorates upon taking damage. [potion of cure mutation]
 76331 | Zot:5    | Lost mutation: Your muscles are very strong. (Str +4) [potion of cure mutation]
 76331 | Zot:5    | Lost mutation: Your muscles are strong. (Str +2) [potion of cure mutation]
 76331 | Zot:5    | Lost mutation: Your spells are a little easier to cast, but a little less powerful. [potion of cure mutation]
 76351 | Zot:4    | Gained mutation: You are weak. (Str -2) [mutagenic glow]
 77039 | D:$      | Escaped with the Orb!

Vault maps used:
D:1:      co_arrival_random_square_maze
D:2:      cheibriados_altar_1
D:4:      gammafunk_temple_overflow_pools, minmay_temple_entry_glassed_door,
          first_bread, uniq_blork_the_orc
D:5:      led_sif_book, basic_altar
D:6:      lemuel_doored_altar
D:7:      nicolae_overflow_hidden_temple, lemuel_coloured_pillars_altar,
          grunt_livestock
D:8:      fedhas_altar_1, nemelex_lonely_heart_becter
D:9:      kennysheep_six_static_rooms, minivault_14
D:10:     orc_0_dummy
D:11:     david_lair_shrubbed
D:12:     uniq_maurice, uniq_maud
D:13:     dk_noncrumbling_3
D:14:     david_vaults_2, basic_altar, serial_co_window_serial,
          co_window_of_opportunity_a, co_window_corner_a, co_window_corner_a,
          co_window_of_opportunity_a, co_window_corner_a, co_window_broadway_c,
          co_window_of_opportunity_b, co_window_unsneaky_path_d,
          glass_columns_b, glass_columns_c, glass_columns_b, glass_columns_a,
          glass_columns_a, serial_shops, nicolae_shop_waterfront
D:15:     hangedman_depths_entry_civil_slaughter, abandoned_shop, uniq_nessos
Temple:   circular_temple_12
Lair:1:   uniq_harold
Lair:2:   grunt_megastairs_3
Lair:3:   uniq_fannar
Lair:4:   spider_nest_entry_web_field, serial_bayou_pond_c,
          nicolae_quartered_pool_super
Lair:5:   elwin_shoals_entry_rocks, infiniplex_staircase_pool_2,
          serial_bayou_shore_a
Lair:6:   gammafunk_lair_enchanted_lake, lab_entry_generic
Lair:7:   slime_altar_2, grunt_megastairs_2
Lair:8:   guppyfry_lair_end_dragon, hangedman_lair_caniforms_friends
Shoals:1: serial_shops, shop, shop, nicolae_shop_overgrown_old_shop,
          kb_tengu_band
Shoals:2: nicolae_shoals_undead_eyrie
Shoals:3: uniq_polyphemus
Shoals:4: shoals_end_simple, shoals_ilsuiw_ice
Spider:1: hangedman_spider_tarantella_strand, uniq_rupert
Spider:2: cheibrodos_spider_creepycove, uniq_jorgrun
Spider:4: grunt_spider_rune_circles, uniq_arachne
Orc:1:    abandoned_shop
Orc:2:    pubby_orc_utopia
Elf:1:    basic_altar, serial_shops, nicolae_shop_behind_doors,
          minmay_elf_sorcery, uniq_donald, uniq_aizul
Elf:3:    minmay_elf_hall, serial_shops, shop, nicolae_shop_statue_plus,
          minivault_14, grunt_ministairs_11, nicolae_rare_books
Vaults:1: vaults_room_hallway, v_rooms_6, st_eye, v_misc_26,
          dpeg_vaults_monster_box, vaults_room_fours
Vaults:2: nicolae_vaults_little_squares_6, v_misc_14,
          nicolae_vaults_sealed_display, nicolae_vaults_yaktaur_gun_rack,
          v_misc_29, v_misc_24, v_alt_pattern_5, vaults_mumra_lcd, st_lattice,
          v_misc_3, v_misc_9, grunt_vaults_bifocal,
          nicolae_vaults_little_squares_6, serial_shops, shop, shop,
          nicolae_shop_competitors_out_of_business, shop, shop
Vaults:3: ontoclasm_vaults_gateway, v_misc_30, vaults_room_hallway,
          vaults_mumra_hex, ontoclasm_vaults_spin, v_misc_16,
          minmay_crypt_entry_simple_corners, nicolae_vaults_shelves_hall,
          hangedman_vaults_restitches, hangedman_vaults_cutoff,
          nicolae_vaults_diagonal_hallway_8, serial_shops, shop,
          serial_hangedman_research, hangedman_research_toxicology,
          hangedman_research_convocations, hangedman_research_thanatology,
          hangedman_research_thermodynamics, hangedman_research_metamorphosis,
          uniq_asterion, uniq_mara
Vaults:4: v_misc_4, hangedman_vaults_stream, hangedman_vaults_stagger,
          nicolae_vaults_an_arrangement, v_misc_4,
          nicolae_vaults_little_squares_1, v_alt_pattern_2,
          nicolae_vaults_little_ls, grunt_vaults_focal,
          ontoclasm_vaults_loading_screen, nicolae_trove_entry_diagonal,
          serial_shops, shop
Vaults:5: serial_shops, uniq_frederick
Depths:1: minmay_misc_feat_roman, hangedman_tar_grid_catacomb,
          grunt_pan_entry_zigzag, serial_bayou_ford_a, grunt_decor_fettered,
          minmay_misc_feat_four_crosses, kennysheep_four_rooms, uniq_wiglaf,
          uniq_nikola
Depths:2: ragdoll_tomb_raider, small_statue_intersection, hell_entry,
          minmay_staircase_windowed_large
Depths:3: due_jory_tower, serial_bayou_pond_b, rand_demon_pan_entry_8,
          hell_entry, st_stairs_4, kennysheep_generic_room_10, uniq_jory
Depths:4: minmay_tri_box, hell_entry, serial_shops, shop,
          abyss_entry_flame_altar, kennysheep_cluttered_room,
          hangedman_devilish_allure, infiniplex_staircase_pillars_3b,
          uniq_enchantress
Depths:5: grunt_zot_entry_alcove, enter_ziggurat_f, nrook_mini_backslash,
          rand_demon_pan_entry_5, hell_entry, abyss_entry_small_statue_room,
          minmay_misc_feat_x, uniq_mennas
Zot:4:    evilmike_crystal_ball_defense, bh_zot_ikea_curve
Zot:5:    hangedman_zot_decor_checkerboard
Lab:      labyrinth_mini_lab

Skill      XL: |  1  2  3  4  5  6  7  8  9 10 11 12 13 14 15 16 17 18 19 20 21 22 23 24 25 26 27 |
---------------+----------------------------------------------------------------------------------+-----
Spellcasting   | 4 5 8 10 11 13 14 15 16 18 19 | 19.6
Conjurations   | 2 3 5 6 8 9 10 14 16 17 18 19 21 22 23 24 25 26 | 26.1
Ice Magic      | 4 6 9 10 11 12 13 14 15 16 18 19 20 21 22 23 24 | 24.8
Air Magic      | 4 |  4.3
Shields        | 3 4 |  4.0
Armour         | 5 8 10 12 14 15 17 | 17.8
Fighting       | 6 9 11 13 14 | 14.0
Stealth        | |  1.0
Necromancy     | |  1.1

Action                   |  1- 3 |  4- 6 |  7- 9 | 10-12 | 13-15 | 16-18 | 19-21 | 22-24 | 25-27 || total
-------------------------+-------+-------+-------+-------+-------+-------+-------+-------+-------++-------
Melee: Hand axe          |       |       |   258 |   369 |   317 |     3 |       |     7 |       ||   954
       Staff             |       |       |       |    17 |    57 |     9 |    10 |     8 |     4 ||   105
 Fire: Shortbow          |    41 |    50 |       |       |       |       |       |       |       ||    91
 Cast: Magic Dart        |   111 |    75 |   177 |    55 |       |       |       |       |       ||   418
       Mephitic Cloud    |     1 |     8 |    23 |    51 |    33 |       |       |       |       ||   116
       Conjure Flame     |       |     1 |    10 |    26 |    21 |       |       |       |       ||    58
       Blink             |       |       |     3 |     5 |    26 |    21 |     5 |     3 |     2 ||    65
       Ozocubu's Armour  |       |       |     4 |    10 |    13 |     5 |     3 |     5 |       ||    40
       Iskenderun's Myst |       |       |       |   133 |       |       |       |       |       ||   133
       Throw Icicle      |       |       |       |    88 |   686 |   455 |   189 |    10 |     7 ||  1435
       Ozocubu's Refrige |       |       |       |       |    26 |    67 |    18 |       |       ||   111
       Repel Missiles    |       |       |       |       |     1 |     1 |     4 |     4 |     3 ||    13
       Freezing Cloud    |       |       |       |       |    36 |   193 |   158 |     2 |       ||   389
       Poison Arrow      |       |       |       |       |     5 |    24 |    37 |       |       ||    66
       Orb of Destructio |       |       |       |       |       |    86 |   136 |    31 |    14 ||   267
       Glaciate          |       |       |       |       |       |       |   219 |   316 |   374 ||   909
       Regeneration      |       |       |       |       |       |       |     1 |     9 |     3 ||    13
Evoke: Wand              |       |       |       |    11 |    24 |    14 |     4 |     4 |     3 ||    60
       Phantom mirror    |       |       |       |       |       |     1 |       |       |       ||     1
       Deck              |       |       |       |       |       |       |       |     9 |       ||     9
  Use: Scroll            |     2 |       |     7 |    24 |    13 |    23 |     9 |     6 |    14 ||    98
       Potion            |       |       |    12 |    11 |    14 |    10 |     4 |    19 |     8 ||    78
 Stab: Confused          |       |       |     9 |    11 |     5 |       |       |       |       ||    25
       Sleeping          |       |       |     2 |     1 |     2 |       |       |       |       ||     5
  Eat: Bread ration      |     1 |       |     1 |     1 |     3 |     9 |     4 |     1 |     2 ||    22
       Chunk             |     1 |     7 |    14 |    18 |    37 |    29 |    12 |     4 |       ||   122
       Meat ration       |       |       |       |     3 |     6 |     1 |     2 |     3 |     4 ||    19
       Beef jerky        |       |       |       |     2 |     2 |     4 |       |     5 |     2 ||    15
       Pizza             |       |       |       |     2 |       |     1 |       |       |       ||     3
       Fruit             |       |       |       |       |       |     1 |       |       |       ||     1
       Royal jelly       |       |       |       |       |       |       |       |     1 |       ||     1
